 Dungeon Crawl Stone Soup version 0.22-a0-512-g0943f25 (webtiles) character file.

1050927 Gaball the Conqueror (level 27, -6/374 HPs)
             Began as a Hill Orc Fighter on June 18, 2018.
             Was a High Priest of Okawaru.
             Killed from afar by a lich (12 damage)
             ... with a bolt of lightning
             ... on level 3 of the Tomb of the Ancients on June 19, 2018.
             The game lasted 05:37:23 (94150 turns).

Gaball the Conqueror (Hill Orc Fighter)            Turns: 94150, Time: 05:37:25

Health: -6/374     AC: 25    Str: 28 (33) XL:     27
Magic:  27/32      EV: 20    Int:  6 (15) God:    Okawaru [*****.]
Gold:   5703       SH: 36    Dex:  7 (8)  Spells: 31/53 levels left

rFire    + . .     SeeInvis +   b - +11 broad axe of Death {protect, *Contam rElec Str-3 SInv}
rCold    + . .     Gourm    .   E - +10 large shield of Ignorance {rN+ Int-4}
rNeg     + + .     Faith    .   (armour currently unavailable)
rPois    ∞         Spirit   .   p - +2 hat "Toprit" {rCorr Int+2 Slay+2}
rElec    +         Reflect  .   O - scarf {rC+ rF+}
rCorr    +         Harm     .   (gloves currently unavailable)
MR       +++..     Rnd*Rage +   (boots currently unavailable) Stlth ++++......Rnd*Tele +
                                d - amulet of Vitality {Regen+ HP+15}
HPRegen  1.12/turn              I - ring "Quce" {Str+5 Int+6 Slay+3}
MPRegen  0.23/turn              P - ring of Xom's Bemusement {MR+ Str+4 Stlth+}

@: statue-form, finesse, berserk cooldown, very slightly contaminated, slowed,
very slow
A: antennae 1, berserk 2, clever 1, clumsy 1, deterioration 2, low mp 2,
teleportitis 1, weak 2, wild magic 1
}: 8/15 runes: serpentine, barnacled, slimy, silver, iron, obsidian, icy, bone
a: End Transformation, Heroism, Finesse, Renounce Religion


You were on level 3 of the Tomb of the Ancients.
You worshipped Okawaru.
Okawaru was extremely pleased with you.
You were not hungry.
You were a stone statue.
You visited 16 branches of the dungeon, and saw 84 of its levels.
You visited the Abyss 1 time.
You also visited: Labyrinth, Ossuary and Desolation.

You collected 11870 gold pieces.
You spent 6167 gold pieces at shops.

Inventory:

Hand Weapons
 a - a +9 executioner's axe of holy wrath
 b - the +11 broad axe of Death (weapon) {protect, *Contam rElec Str-3 SInv}
   (You bought it in a shop on level 3 of the Shoals)

   It protects the one who uses it against injury (+AC on strike).
   It affects your strength (-3).
   It insulates you from electricity.
   It lets you see invisible.
   It causes magical contamination when unequipped.
Missiles
 Z - 5 throwing nets (quivered)
Armour
 c - a +1 pair of boots (melded)
 p - the +2 hat "Toprit" (worn) {rCorr Int+2 Slay+2}
   (Okawaru gifted it to you on level 7 of Tartarus)

   It affects your intelligence (+2).
   It affects your accuracy and damage with ranged weapons and melee attacks
   (+2).
   It protects you from acid and corrosion.
 t - the +0 pair of gloves of Tatumi (melded) {rC++}
   (Okawaru gifted it to you on level 4 of the Lair of Beasts)

   It greatly protects you from cold.
 E - the +10 large shield of Ignorance (worn) {rN+ Int-4}
   (You bought it in a shop on level 2 of the Orcish Mines)

   It affects your intelligence (-4).
   It protects you from negative energy.
 O - a scarf of resistance (worn)
 T - +8 pearl dragon scales (melded)
Jewellery
 d - the amulet of Vitality (around neck) {Regen+ HP+15}
   (You took it off a deep elf mage on level 5 of the Vaults)

   [amulet of regeneration]

   It affects your health (+15).
   It increases your rate of regeneration.
 l - an uncursed ring of protection from fire
 o - an uncursed amulet of faith {unknown}
 I - the ring "Quce" (left hand) {Str+5 Int+6 Slay+3}
   (You bought it in a shop on level 5 of the Depths)

   [ring of slaying]

   It affects your strength (+5).
   It affects your intelligence (+6).
   It affects your accuracy and damage with ranged weapons and melee attacks
   (+3).
 P - the ring of Xom's Bemusement (right hand) {MR+ Str+4 Stlth+}
   (You acquired it on level 7 of Gehenna)

   [ring of strength]

   It affects your strength (+4).
   It affects your resistance to hostile enchantments.
   It makes you more stealthy.
 Q - an uncursed ring of flight
Wands
 h - a wand of iceblast (7)
 m - a wand of acid (7)
 D - a wand of disintegration (28)
 G - a wand of clouds (8)
 H - a wand of digging (27)
 N - a wand of enslavement (38)
Scrolls
 e - 2 scrolls of teleportation
 j - 4 scrolls of fear
 n - 26 scrolls of remove curse
 q - 4 scrolls of blinking
 r - 8 scrolls of fog
 s - 6 scrolls of identify
 x - 13 scrolls of amnesia
 y - 9 scrolls of enchant weapon
 C - a scroll of acquirement
 J - a scroll of magic mapping
 V - 2 scrolls of holy word
 X - 4 scrolls of silence
Potions
 g - 4 potions of berserk rage
 i - a potion of resistance
 k - 19 potions of curing
 u - a potion of cancellation
 v - 3 potions of mutation
 R - a potion of flight
Miscellaneous
 z - a lamp of fire (inert)
 L - the horn of Geryon (inert)
 Y - a lamp of fire (inert)
Comestibles
 f - 54 rations


   Skills:
 O Level 27 Fighting
 - Level 23.0 Axes
 O Level 27 Armour
 + Level 21.1 Dodging
 - Level 7.3 Stealth
 - Level 25.0 Shields
 - Level 13.5 Spellcasting
 - Level 14.3 Hexes
 + Level 15.1 Transmutations
 - Level 9.3 Air Magic
 - Level 12.2 Earth Magic
 - Level 9.4 Invocations
 - Level 13.9 Evocations


You had 31 spell levels left.
You knew the following spells:

 Your Spells              Type           Power        Failure   Level  Hunger
a - Apportation           Tloc           #.....       19%         1    None
b - Invisibility          Hex            ####....     9%          6    #######
c - Cause Fear            Hex            ####......   1%          4    ####...
d - Silence               Hex/Air        ###.......   4%          5    ######.
e - Statue Form           Tmut/Erth      ####.....    11%         6    #######

Your spell library contained the following spells:

 Spells                   Type           Power        Failure   Level  Hunger
 Magic Dart               Conj           #...         19%         1    None
 Fireball                 Conj/Fire      #.........   99%         5    ######.
 Conjure Flame            Conj/Fire      #.......     45%         3    ###....
 Bolt of Fire             Conj/Fire      #.........   100%        6    #######
 Bolt of Cold             Conj/Ice       #.........   100%        6    #######
 Lightning Bolt           Conj/Air       ##........   54%         5    ######.
 Bolt of Magma            Conj/Fire/Erth ##........   63%         5    ######.
 Slow                     Hex            ####....     1%          2    #......
 Confuse                  Hex            ####....     1%          3    ###....
 Throw Flame              Conj/Fire      #.....       26%         2    #......
 Freezing Cloud           Conj/Ice/Air   ##........   100%        6    #######
 Mephitic Cloud           Conj/Pois/Air  ##......     16%         3    ###....
 Ring of Flames           Chrm/Fire      #.........   100%        7    #######
 Venom Bolt               Conj/Pois      #.........   99%         5    ######.
 Teleport Other           Tloc           #.......     45%         3    ###....
 Summon Small Mammal      Summ           #...         19%         1    None
 Bolt of Draining         Conj/Necr      #.........   99%         5    ######.
 Blink                    Tloc           N/A          26%         2    #......
 Iskenderun's Mystic Bla  Conj           #.......     83%         4    ####...
 Summon Horrible Things   Summ           #.........   100%        8    #######
 Animate Skeleton         Necr           N/A          19%         1    None
 Vampiric Draining        Necr           #.........   45%         3    ###....
 Ozocubu's Refrigeration  Ice            #.........   100%        6    #######
 Sticky Flame             Conj/Fire      #.......     83%         4    ####...
 Summon Ice Beast         Ice/Summ       #.......     83%         4    ####...
 Call Imp                 Summ           #.......     26%         2    #......
 Dispel Undead            Necr           #.......     99%         5    ######.
 Sting                    Conj/Pois      #...         19%         1    None
 Sublimation of Blood     Necr           #.........   26%         2    #......
 Tukima's Dance           Hex            ####....     1%          3    ###....
 Summon Demon             Summ           #.........   99%         5    ######.
 Summon Greater Demon     Summ           #.........   100%        7    #######
 Corpse Rot               Necr           N/A          26%         2    #......
 Iron Shot                Conj/Erth      ##........   88%         6    #######
 Stone Arrow              Conj/Erth      ##....       5%          3    ###....
 Shock                    Conj/Air       ##..         3%          1    None
 Swiftness                Chrm/Air       ##......     4%          2    #......
 Recall                   Summ/Tloc      N/A          45%         3    ###....
 Agony                    Necr           #.......     99%         5    ######.
 Ice Form                 Ice/Tmut       ###.....     9%          4    ####...
 Dragon Form              Tmut           ####......   30%         7    #######
 Deflect Missiles         Chrm/Air       ##........   98%         6    #######
 Throw Icicle             Conj/Ice       #.......     83%         4    ####...
 Airstrike                Air            ###.......   4%          4    ####...
 Confusing Touch          Hex            ####..       1%          1    None
 Flame Tongue             Conj/Fire      #....        19%         1    None
 Passwall                 Tmut/Erth      ####....     1%          2    #......
 Ignite Poison            Fire/Tmut/Pois ##......     8%          3    ###....
 Sticks to Snakes         Tmut           ####....     1%          2    #......
 Call Canine Familiar     Summ           #.......     45%         3    ###....
 Ensorcelled Hibernation  Hex/Ice        ###...       2%          2    #......
 Metabolic Englaciation   Hex/Ice        ###.......   26%         5    ######.
 Summon Butterflies       Summ           #.......     19%         1    None
 Shatter                  Erth           ###.......   100%        9    #######
 Dispersal                Tloc           #.........   100%        6    #######
 Static Discharge         Conj/Air       ##......     9%          3    ###....
 Corona                   Hex            ####...      1%          1    None
 Alistair's Intoxication  Tmut/Pois      ###.....     22%         5    ######.
 Lee's Rapid Deconstruct  Erth           ###.......   4%          5    ######.
 Sandblast                Erth           ###...       1%          1    None
 Simulacrum               Ice/Necr       #.........   100%        6    #######
 Conjure Ball Lightning   Conj/Air       ##........   98%         6    #######
 Excruciating Wounds      Chrm/Necr      #.........   99%         5    ######.
 Portal Projectile        Hex/Tloc       ###...       3%          3    ###....
 Monstrous Menagerie      Summ           #.........   100%        7    #######
 Petrify                  Tmut/Erth      ####....     1%          4    ####...
 Passage of Golubria      Tloc           N/A          83%         4    ####...
 Orb of Destruction       Conj           #.........   100%        7    #######
 Malign Gateway           Summ/Tloc      #.........   100%        7    #######
 Tornado                  Air            ###.......   100%        9    #######
 Leda's Liquefaction      Hex/Erth       ####......   1%          4    ####...
 Darkness                 Hex            ####......   9%          6    #######
 Shroud of Golubria       Chrm/Tloc      #.........   26%         2    #......
 Inner Flame              Hex/Fire       ###.....     3%          3    ###....
 Iskenderun's Battlesphe  Conj/Chrm      #.......     99%         5    ######.
 Fulminant Prism          Conj/Hex       ###.......   11%         4    ####...
 Dazzling Spray           Conj/Hex       ###...       3%          3    ###....
 Force Lance              Conj/Tloc      #.......     83%         4    ####...
 Searing Ray              Conj           #.....       26%         2    #......
 Discord                  Hex            ####......   96%         8    #######
 Summon Forest            Summ/Tloc      #.........   99%         5    ######.
 Summon Lightning Spire   Summ/Air       ##......     26%         4    ####...
 Summon Guardian Golem    Hex/Summ       ###.....     3%          3    ###....
 Dragon's Call            Summ           #.........   100%        9    #######
 Spellforged Servitor     Conj/Summ      #.........   100%        7    #######
 Hydra Form               Tmut           ####......   6%          6    #######
 Irradiate                Conj/Tmut      ###.......   22%         5    ######.
 Gell's Gravitas          Tloc           #.........   45%         3    ###....
 Yara's Violent Unravell  Hex/Tmut       ####......   1%          5    ######.
 Infestation              Necr           #.........   100%        8    #######
 Lesser Beckoning         Tloc           #.........   45%         3    ###....
 Poisonous Vapours        Pois/Air       ##....       4%          2    #......


Dungeon Overview and Level Annotations

Branches:
Dungeon (15/15)            Temple (0/1) D:6            Lair (6/6) D:8
 Shoals (4/4) Lair:2        Snake (4/4) Lair:3        Slime (5/5) Lair:5
    Orc (2/2) D:9             Elf (3/3) Orc:2        Vaults (5/5) D:14
  Crypt (3/3) Vaults:3       Tomb (3/3) Crypt:3      Depths (5/5) D:15
   Hell (1/1)                 Dis (7/7) Hell            Geh (7/7) Hell
    Coc (7/7) Hell            Tar (7/7) Hell            Zot (0/5) Depths:5

Altars:
Cheibriados
Dithmenos
Fedhas
Gozag
Kikubaaqudgha
Makhleb
Okawaru
Uskayaw
Wu Jian
Zin
The Shining One
Beogh

Shops:
D:5 ?*:   D:10 (   Orc:2 (****   Elf:3 !*?   Shoals:3 (   Shoals:4 }((
Snake:1 [%(!}   Snake:2 (   Vaults:3 =}:?   Depths:5 =

Portals:
Hell: Depths:1 Depths:2 Depths:3 Depths:4 Depths:5
Abyss: Depths:1 Depths:4
Pandemonium: Depths:1 Depths:2 Depths:3 Depths:5
Ziggurat: Depths:1

Annotations:
D:2 Natasha
D:10 exclusion: player ghost
D:14 1 runed door
Shoals:1 exclusion: Roxanne, Roxanne
Snake:4 Kirke
Elf:1 3 runed doors, Isyol's ghost, journeyman DsFi; Rastrof's ghost, journeyman DsFi
Depths:2 3 runed doors, Gaball's ghost, adept HOFi


Innate Abilities, Weirdness & Mutations

You have a pair of small antennae on your head.
You often lose your temper in combat.
Your mind is acute. (Int +2)
You are clumsy. (Dex -2)
Your body often deteriorates upon taking damage.
Your magical capacity is very low. (-20% MP)
You are occasionally teleported next to monsters.
You are very weak. (Str -4)
Your spells are a little harder to cast, but a little more powerful.


Message History

Press: ? - help, Dir - move target cursor
As you read the scroll of blinking, it crumbles to dust.
A mummy comes into view.
The hell beast barks!
You hear a chilling moan.
The lich launches a ball of destructive magic.
The ynoxinul gestures.
The guardian mummy is engulfed in blazing flames.
You hear a distant "Zot"!
The mummy priest prays to its god.
Found 20 arrows.
An orb of destruction comes into view.
Blink to where?
Press: ? - help, Dir - move target cursor
As you read the scroll of blinking, it crumbles to dust. 4 death scarabs come into view.
The wavering orb of destruction hits the lich.
You block the death scarab's attack.
The lich is engulfed in blazing flames.
The lich casts a spell at you. The bolt of lightning hits you! You resist.
You die...

#..# ..#.......... #.$#
......z.....# ...# ....s.......#
..s.[.......# ### ...........#
..## ..............# Z..#
.......ss...# ......$### [.^.#
.........8.##..........# M.V.<
.........##<..........##
z.....##M.......##........^.$.$#
.......##......# ...........$$$#
.......##......# ...^....$.$$$[#
S..*M...#§M§§..#.ZZ......$$[$)[#
M$$.─..{#.3§LV.#M......$M?}):))#
MM$$M..{'M§§.§M'MnMWM.M.§|)))[##
M$M$Z.$2#bs§..5#W.VL..4L$[))=##


You could see a greater mummy, a lich, a skeletal warrior (wandering), a
jiangshi, a sun demon, a guardian mummy and 4 death scarabs.

Vanquished Creatures
  Antaeus (Coc:7)
  Asmodeus (Geh:7)
  Ereshkigal (Tar:7)
  Dispater (Dis:7)
  7 ancient liches
  Mennas (Tomb:2)
  A juggernaut (Depths:4)
  5 greater mummies
  Bai Suzhen (Snake:3)
  30 shard shrikes
  Vashnia (Snake:3)
  Margery (Vaults:2)
  2 caustic shrikes
  3 golden dragons
  Jory (Tar:2)
  Geryon (Hell)
  21 bone dragons
  25 Tzitzimimeh
  26 Brimstone Fiends
  18 doom hounds
  12 iron giants (Dis:7)
  Jorgrun (Snake:2)
  14 Ice Fiends
  14 Hell Sentinels (Dis:7)
  13 liches
  6 tentacled monstrosities
  A quicksilver dragon (Depths:3)
  Asterion (Vaults:2)
  12 titans
  2 deep elf blademasters (Elf:3)
  8 eldritch tentacles
  10 ancient champions (Dis:7)
  2 deep elf master archers (Elf:3)
  17 acid blobs
  9 sphinxes
  A kraken (Shoals:4)
  An Executioner (Dis:7)
  Gastronok (Lair:3)
  32 shadow dragons
  7 storm dragons
  Polyphemus (Shoals:2)
  Ilsuiw (Shoals:4)
  7 tengu reavers
  Donald (Elf:2)
  A revenant (Crypt:2)
  4 deep elf sorcerers
  14 nagarajas
  22 frost giants
  11 azure jellies
  A draconian knight (Depths:5)
  17 fire giants
  10 iron dragons
  15 balrugs
  6 cacodemons
  An orc warlord (Vaults:2)
  13 vault wardens
  3 imperial myrmidons (Desolation)
  17 ironheart preservers
  A draconian shifter (Depths:5)
  24 stone giants
  Aizul (Snake:2)
  A caustic shrike skeleton (Depths:2)
  9 very ugly things
  71 reapers
  21 war gargoyles
  2 entropy weavers
  8 deep elf demonologists
  An elemental wellspring (Coc:5)
  An entropy weaver (shapeshifter) (Depths:1)
  6 vampire knights
  2 black draconians (Depths:5)
  4 bennus
  A white draconian (Abyss:2)
  3 lorocyprocas
  A minotaur (Lab)
  4 deep elf annihilators
  5 spark wasps
  A yellow draconian (Depths:5)
  A halazid warlock (Desolation)
  11 deep elf death magi
  4 eidola
  8 ettins
  11 blizzard demons
  2 green deaths (Hell)
  10 jiangshi
  3 merfolk javelineers (Shoals:4)
  A ragged hierophant (Desolation)
  2 kraken zombies (Dis:1)
  8 death oozes (Slime:5)
  9 quicksilver dragon zombies
  26 yaktaur captains
  5 deep elf high priests
  4 merfolk impalers
  3 servants of whispers (Desolation)
  6 fire dragons
  39 vault guards
  7 hydras
  20 mummy priests
  12 great orbs of eyes
  31 naga warriors
  31 ice dragons
  2 spriggan air magi
  6 quicksilver dragon skeletons
  4 rakshasas
  5 peacekeepers (Desolation)
  13 anacondas
  A ghost crab (Tar:7)
  9 deep troll shamans
  2 satyrs (Shoals:4)
  7 centaur warriors
  A catoblepas (Shoals:2)
  4 merfolk avatars
  3 death knights
  An alligator snapping turtle (Shoals:4)
  5 merfolk aquamancers
  14 ogre magi
  37 two-headed ogres
  An anaconda (shapeshifter) (Vaults:3)
  A spectral frost giant (Tar:2)
  2 thrashing horrors (Abyss:2)
  The ghost of Maru the Blocker, a novice DDFi of Makhleb (D:10)
  The ghost of Ahijee the Blocker, a novice DDFi of Makhleb (D:10)
  9 deep troll earth magi
  5 tengu warriors
  4 death yaks
  54 hell hogs
  20 death scarabs
  9 vampire magi
  7 shock serpents
  28 dancing weapons
  4 orc high priests (Orc:2)
  9 iron golems
  15 naga sharpshooters
  16 titan skeletons
  12 titan zombies
  8 spriggan berserkers
  Sonja (Lair:4)
  13 storm dragon zombies
  89 hell knights
  30 soul eaters
  A wretched star (Abyss:2)
  14 iron trolls
  19 sun demons
  121 skeletal warriors
  2 sixfirhies
  19 deep elf knights
  A death drake (Tar:3)
  A spatial maelstrom (Abyss:2)
  17 shadow wraiths
  Nergalle (Lair:1)
  8 storm dragon skeletons
  8 unseen horrors
  22 shadow demons
  15 sea snakes
  6 golden dragon zombies
  9 anaconda zombies
  An infernal demonspawn (Depths:2)
  2 glowing orange brains
  9 shadow dragon zombies
  21 deep trolls
  15 deep elf archers
  13 flayed ghosts
  2 death drakes (shapeshifter)
  5 golden dragon skeletons
  8 naga ritualists
  15 ironbrand convokers
  25 phantasmal warriors
  9 wizards
  6 ghost moth zombies
  A lindwurm (shapeshifter) (Vaults:5)
  8 harpies
  10 anaconda skeletons
  10 fire giant zombies
  3 wolf spiders
  A harpy (shapeshifter) (Depths:1)
  11 frost giant zombies
  2 oklob plants (Lair:5)
  9 iron dragon zombies
  37 necromancers
  44 ugly things
  19 orc knights
  6 mana vipers
  An orb spider (shapeshifter) (Vaults:5)
  14 cyclopes
  5 orc sorcerers
  6 wolf spider zombies
  11 large abominations
  8 stone giant zombies
  20 fauns
  6 shadow dragon skeletons
  66 deep elf magi
  4 human zombies
  2 salamanders (shapeshifter)
  A manticore (shapeshifter) (Depths:1)
  11 manticores
  A moth of wrath (shapeshifter) (Vaults:5)
  7 iron dragon skeletons
  2 worldbinders (Abyss:2)
  6 shining eyes
  9 salamanders
  3 tengu skeletons
  7 elephants
  39 rust devils
  2 shock serpent zombies
  11 merfolk sirens
  11 frost giant skeletons
  21 naga magi
  8 dire elephant zombies
  10 fire giant skeletons
  25 black mambas
  7 guardian serpents
  An eye of devastation (shapeshifter) (Depths:3)
  A torpor snail (Lair:6)
  5 eyes of devastation
  4 ice statues
  21 vault sentinels
  3 water nymphs
  12 stone giant skeletons
  10 spiny frogs
  Psyche (D:12)
  A catoblepas zombie (Coc:7)
  A spiny frog (shapeshifter) (Vaults:2)
  12 dire elephant skeletons
  24 hellions
  14 molten gargoyles
  6 orange demons
  6 smoke demons
  2 centaur zombies
  71 freezing wraiths
  4 emperor scorpion zombies
  A storm dragon simulacrum (Coc:7)
  4 centaur skeletons
  8 komodo dragons
  2 kobold demonologists
  55 yaktaurs
  2 demonic crawlers (Hell)
  3 rime drakes
  3 tengu conjurers
  A swamp worm zombie (Crypt:1)
  11 efreet
  57 ice devils
  A minotaur skeleton (Geh:3)
  A ghost moth simulacrum (Coc:7)
  28 guardian mummies
  3 harpy zombies (Dis:7)
  23 red devils
  3 ancient zymes (Abyss:2)
  54 tormentors
  8 trolls
  4 tyrant leeches (Depths:4)
  2 black draconian skeletons
  13 hellwings (Crypt:3)
  A death yak skeleton (Crypt:1)
  31 merfolk
  A jumping spider (shapeshifter) (Vaults:4)
  3 polar bears (Lair:6)
  A jumping spider (Vaults:4)
  23 hydra zombies
  7 wind drakes
  A merfolk (shapeshifter) (D:15)
  4 silent spectres
  A moth of wrath zombie (Crypt:2)
  14 hydra skeletons
  A shadow dragon simulacrum (Coc:7)
  9 hornets
  5 harpy skeletons
  A raiju (shapeshifter) (Depths:3)
  A hornet (shapeshifter) (Depths:1)
  25 saltlings (Desolation)
  84 slime creatures
  6 fire dragon zombies
  12 hippogriffs
  2 fire giant simulacra
  19 blink frogs
  6 dream sheep
  A frost giant simulacrum (Coc:3)
  9 ice dragon zombies
  11 ettin zombies
  7 snapping turtles
  8 alligator zombies
  127 flying skulls
  A redback (shapeshifter) (D:15)
  15 ettin skeletons
  5 redbacks
  8 fire dragon skeletons
  4 air elementals
  A tarantella (Vaults:4)
  13 ushabtiu
  6 alligator skeletons
  4 black mamba zombies
  3 wyverns
  Sigmund (D:6)
  A ynoxinul (Abyss:2)
  14 spriggans
  35 wraiths
  35 yaks
  27 shadows
  A spriggan (shapeshifter) (Vaults:5)
  4 black mamba skeletons
  3 ice dragon skeletons
  30 water elementals
  10 fire elementals
  2 humans (shapeshifter)
  5 chaos spawn
  3 hogs (Snake:4)
  2 fire bats (Abyss:2)
  A golden eye (shapeshifter) (Vaults:3)
  3 basilisks
  A tyrant leech zombie (Crypt:1)
  2 neqoxecs (Depths:5)
  4 hungry ghosts
  2 spatial vortices (Geh:7)
  6 vampire mosquitoes
  74 nagas
  A monstrous demonspawn zombie (Hell)
  6 wargs
  23 spiny frog zombies
  9 water moccasins
  A soldier ant (shapeshifter) (Vaults:2)
  An infernal demonspawn zombie (Crypt:3)
  9 porcupines
  5 hydra simulacra
  5 eyes of draining
  63 hell hounds
  6 spiny frog skeletons
  7 sky beasts
  A gelid demonspawn skeleton (Geh:7)
  42 orc warriors
  7 small abominations
  15 ice beasts
  4 black bears
  An alligator simulacrum (Dis:1)
  An elephant zombie (Crypt:2)
  11 phantoms
  An eye of draining (shapeshifter) (Vaults:2)
  2 manticore zombies
  25 necrophages
  15 boggarts
  26 wolves (Lair:6)
  8 snapping turtle zombies
  35 ogres
  21 centaurs
  A manticore skeleton (Geh:1)
  12 snapping turtle skeletons
  14 crocodiles
  A blink frog skeleton (Crypt:2)
  2 elf zombies
  3 big kobolds
  21 bullfrogs
  4 earth elementals (Depths:4)
  A komodo dragon skeleton (Crypt:2)
  9 wyvern skeletons (Crypt:3)
  5 scorpions
  7 killer bees
  53 wights
  2 human simulacra (Vaults:1)
  3 howler monkeys
  2 spriggan skeletons
  An electric eel (Lair:6)
  10 crimson imps
  A bullfrog zombie (D:10)
  3 quasits
  A jelly (D:7)
  24 orc wizards
  6 hounds
  27 orc priests
  3 bullfrog skeletons
  46 iron imps
  7 iguanas
  12 hell rats
  A human skeleton (Geh:5)
  Natasha (D:2)
  A black bear skeleton (Crypt:1)
  8 worker ants
  A deep dwarf zombie (Crypt:1)
  2 naga zombies
  A big kobold zombie (Ossuary)
  An ogre skeleton (Crypt:3)
  4 naga skeletons
  51 mummies
  10 gnolls
  16 adders
  22 shadow imps
  31 white imps
  2 ufetubi
  3 adder skeletons
  An iguana skeleton (Crypt:2)
  4 worms
  A ball lightning (Tomb:3)
  2 dart slugs (D:4)
  2 leopard geckos
  108 orcs
  A bat (D:2)
  2 giant cockroaches
  A gnoll zombie (Ossuary)
  8 goblins
  5 hobgoblins
  5 quokkas
  2 ball pythons (D:3)
  9 frilled lizards
  A gnoll skeleton (Crypt:2)
  2 hobgoblin zombies (Ossuary)
  24 kobolds
  2 kobold zombies (Ossuary)
  A leopard gecko skeleton (D:8)
  An orc skeleton (Geh:1)
  3 orc zombies
  A quokka skeleton (Crypt:1)
  A quokka zombie (D:6)
  8 rats
  5 crawling corpses
  6 fungi
  17 plants
  3 tentacles (Dis:1)
4457 creatures vanquished.

Vanquished Creatures (collateral kills)
  the Royal Jelly (Slime:5)
  An acid blob (Slime:5)
  2 azure jellies (Slime:5)
  A reaper (Tar:7)
  A death ooze (Slime:5)
  2 ice devils (Coc:7)
  A flying skull (Tomb:2)
  A human (D:14)
10 creatures vanquished.

Vanquished Creatures (others)
  2 titans (Vaults:5)
  3 eldritch tentacles
  3 shadow dragons (Vaults:5)
  A tengu reaver (Vaults:5)
  A storm dragon (Vaults:5)
  An ironheart preserver (Vaults:5)
  6 elemental wellsprings
  2 yellow draconians (Depths:5)
  A deep elf demonologist (Vaults:5)
  A white draconian (Depths:5)
  2 merfolk javelineers
  An ettin (Depths:5)
  2 satyrs (Shoals:3)
  An ogre mage (Vaults:5)
  3 hell hogs
  3 naga sharpshooters
  2 skeletal warriors (Tomb:2)
  A wolf spider (Vaults:3)
  3 deep elf magi
  3 fauns
  A cyclops (Shoals:3)
  2 manticores (Shoals:4)
  2 vault sentinels
  A tormentor (Geh:7)
  A merfolk (Shoals:4)
  16 flying skulls
  A fire elemental (Geh:1)
  A naga (Snake:4)
  A hell hound (Geh:3)
  An orc warrior (D:14)
  A necrophage (Geh:1)
  An ogre (Vaults:3)
  A boggart (Depths:1)
  A centaur (D:11)
  3 wights
  A centaur zombie (Geh:5)
  An orc priest (Vaults:3)
  A naga zombie (Geh:6)
  A mummy (Tomb:2)
  A shadow imp (Tar:7)
  A white imp (Coc:7)
  2 fungi
  37 plants
  2 starspawn tentacles (Abyss:2)
  17 tentacles
  16 withered plants
156 creatures vanquished.

Grand Total: 4623 creatures vanquished

Notes
Turn   | Place    | Note
-------+----------+-------------------------------------------
     0 | D:1      | Gaball the Hill Orc Fighter began the quest for the Orb.
     0 | D:1      | Reached XP level 1. HP: 19/19 MP: 1/1
   259 | D:1      | Reached XP level 2. HP: 20/26 MP: 2/2
   850 | D:2      | Noticed Natasha
   855 | D:2      | Noticed a crimson imp
   857 | D:2      | Killed Natasha
   857 | D:2      | Reached XP level 3. HP: 20/31 MP: 3/3
  1111 | D:2      | Reached XP level 4. HP: 38/39 MP: 4/4
  1269 | D:2      | Noticed Natasha
  1560 | D:2      | Found an ornate altar of the Wu Jian Council.
  1760 | D:3      | Reached skill level 5 in Axes
  2694 | D:4      | Reached XP level 5. HP: 41/45 MP: 5/5
  2746 | D:4      | Found a shadowy altar of Dithmenos.
  3058 | D:4      | Identified the Handbook of Scorching Clay
  3115 | D:4      | Noticed a phantom
  3127 | D:4      | Killed a phantom
  3127 | D:4      | Reached skill level 5 in Shields
  3127 | D:4      | Reached XP level 6. HP: 51/51 MP: 6/6
  3896 | D:4      | Found an iron altar of Okawaru.
  3930 | D:4      | Became a worshipper of Warmaster Okawaru
  4156 | D:5      | Entered Level 5 of the Dungeon
  4266 | D:5      | Reached XP level 7. HP: 52/57 MP: 7/7
  5021 | D:5      | Found Boonlure's Assorted Antiques.
  5045 | D:5      | Found Dekh's Magic Scroll Shoppe.
  5180 | D:5      | Bought a scroll of identify for 24 gold pieces
  5180 | D:5      | Bought a scroll of teleportation for 36 gold pieces
  5180 | D:5      | Bought a scroll of teleportation for 36 gold pieces
  5180 | D:5      | Bought a scroll of blinking for 90 gold pieces
  5201 | D:5      | Found a snail-covered altar of Cheibriados.
  5281 | D:5      | Bought a scroll of identify for 56 gold pieces
  6036 | D:5      | Reached * piety under Okawaru
  6160 | D:5      | Found Vaenizepp's Book Shop.
  6214 | D:5      | Reached XP level 8. HP: 51/64 MP: 8/8
  6618 | D:6      | Reached skill level 10 in Axes
  6690 | D:6      | Noticed Sigmund
  6719 | D:6      | Killed Sigmund
  7357 | D:6      | Found a staircase to the Ecumenical Temple.
  7579 | D:6      | Noticed an angel
  7580 | D:6      | Found a glowing silver altar of Zin.
  7651 | D:7      | Reached ** piety under Okawaru
  7724 | D:7      | Noticed a dagger
  7968 | D:7      | Found a hide-covered altar of Uskayaw.
  7971 | D:7      | Noticed a dagger
  8053 | D:7      | Noticed a hippogriff
  8121 | D:7      | Found a sand-covered staircase.
  8130 | Ossuary  | Entered an ossuary
  8684 | D:7      | Killed a hippogriff
  8684 | D:7      | Reached XP level 9. HP: 53/70 MP: 9/9
  9266 | D:7      | Reached *** piety under Okawaru
  9336 | D:8      | Reached skill level 5 in Armour
  9633 | D:8      | Found an opulent altar of Gozag.
  9946 | D:8      | Got a distressingly furry leather armour
  9957 | D:8      | Identified the cursed +0 leather armour "Famiwack" {Int+4} (You found it on level 8 of the Dungeon)
 10055 | D:8      | Reached **** piety under Okawaru
 10220 | D:8      | Noticed an elephant
 10291 | D:8      | Killed an elephant
 10291 | D:8      | Reached XP level 10. HP: 53/77 MP: 10/10
 10428 | D:8      | Found a staircase to the Lair.
 10759 | D:9      | Found a burning altar of Makhleb.
 10777 | D:9      | Found a blossoming altar of Fedhas.
 11153 | D:9      | Reached ***** piety under Okawaru
 11452 | D:9      | Found a staircase to the Orcish Mines.
 11597 | D:9      | Found an ancient bone altar of Kikubaaqudgha.
 11668 | D:10     | Entered Level 10 of the Dungeon
 11827 | D:10     | Found a runed gate.
 11828 | D:10     | Found a runed gate.
 11829 | D:10     | Found a runed gate.
 11838 | D:10     | Noticed a two-headed ogre
 11870 | D:10     | Killed a two-headed ogre
 11870 | D:10     | Reached skill level 15 in Axes
 11870 | D:10     | Reached skill level 10 in Shields
 11892 | D:10     | Reached XP level 11. HP: 71/82 MP: 11/11
 12002 | D:10     | Received a gift from Okawaru
 12005 | D:10     | Got an iridescent broad axe {god gift}
 12007 | D:10     | Identified the +8 broad axe "Fepujol" {flame, +Blink rElec} (Okawaru gifted it to you on level 10 of the Dungeon)
 12088 | D:10     | Killed an unseen horror
 12166 | D:10     | Noticed a cyclops
 12177 | D:10     | Killed a cyclops
 12475 | D:10     | Noticed a two-headed ogre
 12489 | D:10     | Killed a two-headed ogre
 12507 | D:10     | Found Wuskol's Antique Weapon Shoppe.
 12937 | D:10     | Noticed Ahijee's ghost (novice DDFi)
 12937 | D:10     | Noticed Maru's ghost (novice DDFi)
 13113 | D:10     | You fall through a shaft!
 13358 | D:10     | Killed Maru's ghost
 13360 | D:10     | Killed Ahijee's ghost
 13360 | D:10     | Reached skill level 5 in Fighting
 13370 | D:10     | Got a coiled turquoise ring
 13398 | D:10     | Identified the ring "Geots" {rElec AC+2} (You found it on level 10 of the Dungeon)
 13492 | Lair:1   | Entered Level 1 of the Lair of Beasts
 13655 | Lair:1   | Noticed Nergalle
 13662 | Lair:1   | Killed Nergalle
 13821 | Lair:1   | Received a gift from Okawaru
 13965 | Lair:1   | Noticed a six-headed hydra
 13980 | Lair:1   | Killed a two-headed hydra
 13980 | Lair:1   | Reached ****** piety under Okawaru
 14418 | Lair:1   | Reached XP level 12. HP: 100/100 MP: 12/12
 14867 | Lair:2   | Found a staircase to the Shoals.
 15183 | Lair:2   | Received a gift from Okawaru
 15183 | Lair:2   | Reached skill level 1 in Invocations
 15368 | Lair:2   | Reached skill level 10 in Armour
 16258 | Lair:3   | Noticed an eight-headed hydra
 16274 | Lair:3   | Killed a four-headed hydra
 16301 | Lair:3   | Noticed Gastronok
 16318 | Lair:3   | Killed Gastronok
 16318 | Lair:3   | Reached skill level 10 in Fighting
 16512 | Lair:3   | Found a staircase to the Snake Pit.
 16690 | Lair:3   | Reached skill level 5 in Invocations
 16699 | Lair:3   | Received a gift from Okawaru
 16699 | Lair:3   | Reached XP level 13. HP: 96/114 MP: 15/17
 16842 | Lair:4   | Found a labyrinth entrance.
 16875 | Lab      | Entered a labyrinth
 17150 | Lab      | Noticed a minotaur
 17165 | Lab      | Killed a minotaur
 17168 | Lab      | Identified the Collected Works on Glacial Execration
 17176 | Lab      | Identified the Tome of the Traveller
 17396 | Lair:4   | Noticed Sonja
 17400 | Lair:4   | Killed Sonja
 17494 | Lair:4   | Received a gift from Okawaru
 17497 | Lair:4   | Got a pair of distressingly furry gloves {god gift}
 17508 | Lair:4   | Identified the +0 pair of gloves of Tatumi {rC++} (Okawaru gifted it to you on level 4 of the Lair of Beasts)
 17693 | Lair:4   | Got an encrusted broad axe
 17694 | Lair:4   | Identified the cursed +3 broad axe "Worm" {pain, rC+ MR+ Stlth+} (You found it on level 4 of the Lair of Beasts)
 18777 | Lair:5   | Found a frozen archway.
 18852 | Lair:5   | Found a staircase to the Slime Pits.
 19160 | Lair:6   | Entered Level 6 of the Lair of Beasts
 19481 | Lair:6   | Received a gift from Okawaru
 19514 | Lair:6   | Found an ancient bone altar of Kikubaaqudgha.
 19530 | Lair:6   | Reached XP level 14. HP: 102/129 MP: 16/18
 19980 | Lair:6   | Received a gift from Okawaru
 20127 | Lair:6   | Got an ichor-stained ring mail
 20138 | Lair:6   | Identified the +7 ring mail of Dishonesty {+Fly Dex+5} (You found it on level 6 of the Lair of Beasts)
 20348 | Lair:6   | Reached skill level 1 in Dodging
 20709 | Orc:1    | Entered Level 1 of the Orcish Mines
 20890 | Orc:1    | Found a roughly hewn altar of Beogh.
 21070 | Orc:2    | Entered Level 2 of the Orcish Mines
 21120 | Orc:2    | Noticed a stone giant
 21133 | Orc:2    | Killed a stone giant
 21133 | Orc:2    | Received a gift from Okawaru
 21239 | Orc:2    | Found a roughly hewn altar of Beogh.
 21274 | Orc:2    | Found Auat's Alliterative Accessories.
 21281 | Orc:2    | Bought a scroll of acquirement for 936 gold pieces
 21320 | Orc:2    | Found a staircase to the Elven Halls.
 21481 | Orc:2    | Reached skill level 15 in Fighting
 21826 | Orc:2    | Gained mutation: You have a pair of small horns on your head. [a neqoxec]
 21831 | Orc:2    | Reached XP level 15. HP: 141/141 MP: 15/19
 21834 | Orc:2    | Received a gift from Okawaru
 21888 | Orc:2    | Found Nuaruer's Weapon Shoppe.
 21888 | Orc:2    | Found Ehixeif's General Store.
 21890 | Orc:2    | Found Luulah's Assorted Antiques.
 21890 | Orc:2    | Found Toetawnok's General Store.
 21898 | Orc:2    | Bought a potion of curing for 75 gold pieces
 21898 | Orc:2    | Bought a scroll of teleportation for 75 gold pieces
 21899 | Orc:2    | Bought the +10 large shield of Ignorance {rN+ Int-4} for 802 gold pieces
 21899 | Orc:2    | Found the +10 large shield of Ignorance {rN+ Int-4}
 22020 | Orc:2    | Learned a level 1 spell: Apportation
 22027 | Orc:2    | Learned a level 6 spell: Invisibility
 22198 | Shoals:1 | Entered Level 1 of the Shoals
 22652 | Shoals:1 | Noticed Roxanne
 23114 | Shoals:2 | Noticed Polyphemus
 23132 | Shoals:2 | Killed Polyphemus
 23375 | Shoals:2 | Reached skill level 15 in Shields
 23740 | Shoals:2 | Received a gift from Okawaru
 23773 | Shoals:2 | Received a gift from Okawaru
 24258 | Shoals:3 | Reached XP level 16. HP: 124/155 MP: 20/20
 24917 | Shoals:3 | Noticed a titan
 24938 | Shoals:3 | Killed a titan
 25161 | Shoals:3 | Found Humixton's Antique Weapon Boutique.
 25164 | Shoals:3 | Bought a crystal broad axe for 234 gold pieces
 25168 | Shoals:3 | Identified the +11 broad axe of Death {protect, *Contam rElec Str-3 SInv} (You bought it in a shop on level 3 of the Shoals)
 25424 | Shoals:4 | Entered Level 4 of the Shoals
 25481 | Shoals:4 | Got a brightly glowing scale mail
 25495 | Shoals:4 | Identified the +0 scale mail of the Worm {rPois rC- rCorr Int+5} (You found it on level 4 of the Shoals)
 25695 | Shoals:4 | Noticed Ilsuiw
 25723 | Shoals:4 | Killed Ilsuiw
 25723 | Shoals:4 | Received a gift from Okawaru
 25730 | Shoals:4 | Reached skill level 15 in Armour
 25997 | Shoals:4 | Found Coet's Gadget Boutique.
 26020 | Shoals:4 | Got a barnacled rune of Zot
 26152 | Shoals:4 | Found Aceczoto's Weapon Shop.
 26182 | Shoals:4 | Received a gift from Okawaru
 26377 | Shoals:4 | Found Qytirgh's Antique Weapon Emporium.
 26492 | Shoals:4 | Reached XP level 17. HP: 136/170 MP: 21/21
 26527 | Shoals:4 | Noticed a kraken
 26545 | Shoals:4 | Killed a kraken
 27148 | Elf:1    | Entered Level 1 of the Elven Halls
 27332 | Snake:1  | Entered Level 1 of the Snake Pit
 27539 | Snake:1  | Found Daghuol's Gadget Emporium.
 27540 | Snake:1  | Found Vekhlo Xairo's Distillery.
 27540 | Snake:1  | Found Huabaobe's Antique Weapon Shoppe.
 27543 | Snake:1  | Found Roproll's Food Shoppe.
 27548 | Snake:1  | Bought a potion of mutation for 112 gold pieces
 27682 | Snake:1  | Found Ucuuq's Antique Armour Shop.
 28477 | Snake:2  | Noticed Aizul
 28483 | Snake:2  | Reached skill level 1 in Hexes
 28484 | Snake:2  | Noticed Jorgrun
 28484 | Snake:2  | Found Wofoogar's Antique Weapon Shoppe.
 28493 | Snake:2  | Killed Jorgrun
 28493 | Snake:2  | Reached skill level 1 in Spellcasting
 28635 | Snake:2  | Killed Aizul
 28830 | Snake:2  | Received a gift from Okawaru
 28833 | Snake:2  | Got a twisted war axe {god gift}
 28839 | Snake:2  | Identified the +11 war axe "Niptomui" {flame, *Contam +Fly Str+4 Dex+7} (Okawaru gifted it to you on level 2 of the Snake Pit)
 29589 | Snake:3  | Received a gift from Okawaru
 29619 | Snake:3  | Noticed Bai Suzhen
 29649 | Snake:3  | Killed Bai Suzhen
 29687 | Snake:3  | Noticed Vashnia
 29703 | Snake:3  | Killed Vashnia
 29710 | Snake:3  | Reached XP level 18. HP: 146/180 MP: 16/23
 29948 | Snake:3  | Got a warped chain mail
 29959 | Snake:3  | Identified the +0 chain mail of the Trout {+Blink} (You found it on level 3 of the Snake Pit)
 30233 | Snake:3  | Reached skill level 5 in Hexes
 30248 | Snake:4  | Entered Level 4 of the Snake Pit
 31050 | Snake:4  | Noticed Kirke
 31341 | Snake:4  | Paralysed by a sphinx for 7 turns
 32347 | Snake:4  | Reached skill level 5 in Spellcasting
 32372 | Snake:4  | Received a gift from Okawaru
 33318 | Snake:4  | Reached XP level 19. HP: 173/191 MP: 27/27
 33816 | Snake:4  | Got a serpentine rune of Zot
 34527 | D:12     | Noticed Psyche
 34543 | D:12     | Killed Psyche
 36048 | D:13     | You fall through a shaft!
 36589 | D:14     | Found a glowing golden altar of the Shining One.
 36589 | D:14     | Found a runed door.
 37076 | D:14     | Received a gift from Okawaru
 37137 | D:14     | Found a gate to the Vaults.
 37297 | D:15     | Entered Level 15 of the Dungeon
 37466 | D:15     | Found a staircase to the Depths.
 38159 | Depths:1 | Entered Level 1 of the Depths
 38289 | Depths:1 | Found a one-way gate to the infinite horrors of the Abyss.
 38309 | Depths:1 | Paralysed by a sphinx for 5 turns
 38415 | Depths:1 | Got a twisted arbalest
 38418 | Depths:1 | Identified the +10 arbalest "Dragon's Tongue" {penet, Str+4} (You found it on level 1 of the Depths)
 38509 | Depths:1 | Found a gateway to Hell.
 38552 | Depths:1 | Found a gateway to a ziggurat.
 38860 | Depths:1 | Found a one-way gate leading to the halls of Pandemonium.
 39061 | Depths:1 | Reached XP level 20. HP: 174/201 MP: 31/31
 39236 | Depths:2 | Found a runed gate.
 39236 | Depths:2 | Found a runed gate.
 39236 | Depths:2 | Found a runed gate.
 39240 | Depths:2 | Noticed Gaball's ghost (adept HOFi)
 39339 | Depths:2 | Reached skill level 10 in Hexes
 39643 | Depths:2 | Received a gift from Okawaru
 39982 | Depths:2 | Noticed a golden dragon
 39997 | Depths:2 | Killed a golden dragon
 40129 | Depths:2 | Got a warped zirconium amulet
 40784 | Depths:3 | Noticed a lich
 40784 | Depths:3 | Noticed a caustic shrike
 40801 | Depths:3 | Killed a lich
 40805 | Depths:3 | Killed a caustic shrike
 40930 | Depths:3 | Got a wavering copper ring
 40932 | Depths:3 | Identified the ring of Maprua Kust {+Inv Str+2 Stlth+} (You found it on level 3 of the Depths)
 40935 | Depths:3 | Identified the amulet of the Gloaming {Gourm *Corrode rElec rC++ Dex+9} (You found it on level 2 of the Depths)
 40974 | Depths:3 | Received a gift from Okawaru
 41120 | Depths:3 | Noticed a golden dragon
 41157 | Depths:3 | Killed a golden dragon
 41157 | Depths:3 | Reached XP level 21. HP: 172/211 MP: 33/33
 41576 | Depths:3 | Noticed a golden dragon
 41594 | Depths:3 | Killed a golden dragon
 42100 | Depths:3 | Got a polished broad axe {god gift}
 42101 | Depths:3 | Identified the +5 broad axe of the Sixty-Six Lovers {chop, Str+4 Int+2} (Okawaru gifted it to you on level 3 of the Depths)
 42101 | Depths:3 | Gained mutation: You are dopey. (Int -2) [mutagenic glow]
 42166 | Depths:4 | Received a gift from Okawaru
 42287 | Depths:4 | Received a gift from Okawaru
 42313 | Depths:4 | Noticed a caustic shrike
 42319 | Depths:4 | Killed a caustic shrike
 42920 | Depths:4 | Received a gift from Okawaru
 42982 | Depths:4 | Got a dazzling scale mail {god gift}
 42996 | Depths:4 | Identified the +4 scale mail "Heor" {*Drain rElec rN+ rCorr} (Okawaru gifted it to you on level 4 of the Depths)
 43539 | Depths:4 | Reached skill level 5 in Dodging
 43611 | Depths:4 | Paralysed by a great orb of eyes for 7 turns
 43953 | Depths:4 | Noticed a juggernaut
 43955 | Depths:4 | Reached XP level 22. HP: 186/222 MP: 32/34
 43964 | Depths:4 | Killed a juggernaut
 44861 | Elf:1    | Found a runed gate.
 44861 | Elf:1    | Found a runed gate.
 44861 | Elf:1    | Found a runed gate.
 44865 | Elf:1    | Noticed Rastrof's ghost (journeyman DsFi)
 44865 | Elf:1    | Noticed Isyol's ghost (journeyman DsFi)
 44866 | Elf:1    | Noticed Isyol's ghost (journeyman DsFi)
 45020 | Elf:1    | Received a gift from Okawaru
 45276 | Elf:1    | Paralysed by a wizard for 3 turns
 45758 | Elf:2    | Found a runed gate.
 45758 | Elf:2    | Found a runed gate.
 45769 | Elf:2    | Found a runed gate.
 46128 | Elf:2    | Received a gift from Okawaru
 46143 | Elf:2    | Got a faintly glowing hunting sling {god gift}
 46144 | Elf:2    | Identified the +1 hunting sling "Qilo" {flame, Dex+3} (Okawaru gifted it to you on level 2 of the Elven Halls)
 46448 | Elf:2    | Noticed Donald
 46450 | Elf:2    | Killed Donald
 46575 | Elf:3    | Entered Level 3 of the Elven Halls
 46616 | Elf:3    | Found Kasuxt's Magic Scroll Shoppe.
 47142 | Elf:3    | Got a scorched silver amulet
 47277 | Elf:3    | Received a gift from Okawaru
 47362 | Elf:3    | Reached XP level 23. HP: 210/229 MP: 34/36
 47416 | Elf:3    | Identified the amulet "Gitiofis" {RegenMP rF++ Str-4 Int+4} (You took it off a deep elf mage on level 3 of the Elven Halls)
 47470 | Elf:3    | Got a fine copper ring
 47690 | Elf:3    | Found Veucauf's General Store.
 47712 | Elf:3    | Bought a scroll of acquirement for 1040 gold pieces
 47731 | Elf:3    | Bought a scroll of summoning for 190 gold pieces
 47732 | Elf:3    | Identified the ring "Hurun" {Fire MP+9} (You took it off a deep elf demonologist on level 3 of the Elven Halls)
 47821 | Elf:3    | Found Masygg's Distillery.
 47824 | Elf:3    | Bought a potion of invisibility for 104 gold pieces
 47824 | Elf:3    | Bought a potion of heal wounds for 65 gold pieces
 47824 | Elf:3    | Bought 2 potions of agility for 104 gold pieces
 47824 | Elf:3    | Bought a potion of mutation for 104 gold pieces
 48466 | Vaults:1 | Entered Level 1 of the Vaults
 48656 | Vaults:1 | Received a gift from Okawaru
 49318 | Vaults:1 | Learned a level 4 spell: Cause Fear
 49324 | Vaults:1 | Learned a level 5 spell: Silence
 49341 | Vaults:1 | Received a gift from Okawaru
 50006 | Vaults:2 | Reached skill level 1 in Air Magic
 50038 | Vaults:2 | Reached skill level 10 in Spellcasting
 50053 | Vaults:2 | Noticed Asterion
 50075 | Vaults:2 | Killed Asterion
 50763 | Vaults:2 | Received a gift from Okawaru
 50909 | Vaults:2 | Reached XP level 24. HP: 206/236 MP: 37/37
 51009 | Vaults:2 | Noticed Margery
 51034 | Vaults:2 | Killed Margery
 51451 | Vaults:3 | Found a ruined gateway.
 51527 | Desolati | Entered the Desolation of Salt
 51599 | Desolati | Received a gift from Okawaru
 51611 | Desolati | Identified the Grimoire of Malediction
 51625 | Desolati | Identified the cursed +1 scale mail "Mucar" {rCorr} (You found it in the Desolation of Salt)
 52262 | Vaults:3 | Found Jurhuf's Gadget Boutique.
 52269 | Vaults:3 | Found Afaxt's Jewellery Emporium.
 52491 | Vaults:3 | Received a gift from Okawaru
 52675 | Vaults:3 | Reached skill level 5 in Air Magic
 52759 | Vaults:3 | Reached skill level 10 in Dodging
 52798 | Vaults:3 | Found a staircase to the Crypt.
 53036 | Vaults:3 | Found Coxav's Magic Scroll Shoppe.
 53037 | Vaults:3 | Found Xohaff's Book Boutique.
 53054 | Vaults:3 | Bought a scroll of teleportation for 48 gold pieces
 53054 | Vaults:3 | Bought a scroll of summoning for 152 gold pieces
 53675 | Vaults:4 | Reached XP level 25. HP: 223/246 MP: 33/38
 53766 | Vaults:4 | Gained mutation: You expend magic power (3 MP) to strengthen your wands. [mutagenic glow]
 54251 | Vaults:4 | Received a gift from Okawaru
 54487 | Vaults:5 | Entered Level 5 of the Vaults
 54498 | Vaults:5 | Received a gift from Okawaru
 54522 | Vaults:5 | Received a gift from Okawaru
 55325 | Vaults:5 | Received a gift from Okawaru
 55345 | Vaults:5 | Cast into level 2 of the Abyss (a deep elf demonologist)
 55345 | Abyss:2  | Found a corrupted altar of Lugonu.
 55493 | Abyss:2  | Found a corrupted altar of Lugonu.
 55511 | Abyss:2  | Found a corrupted altar of Lugonu.
 55781 | Abyss:2  | Reached XP level 26. HP: 246/254 MP: 39/39
 56051 | Abyss:2  | Found a corrupted altar of Lugonu.
 56089 | Vaults:5 | Escaped the Abyss
 56118 | Vaults:5 | Received a gift from Okawaru
 56513 | Vaults:5 | Got a silver rune of Zot
 56645 | Vaults:5 | Got a clouded turquoise ring
 56647 | Vaults:5 | Identified the ring "Pierynk" {rElec MR+ Dex+5} (You found it on level 5 of the Vaults)
 56685 | Vaults:5 | Identified the Guide on Enthralling Necromancy
 57519 | Depths:5 | Entered Level 5 of the Depths
 57793 | Depths:5 | Received a gift from Okawaru
 57886 | Depths:5 | Found Goxzutug's Jewellery Boutique.
 57900 | Depths:5 | Bought the ring "Quce" {Str+5 Int+6 Slay+3} for 1276 gold pieces
 58488 | Depths:5 | Found a gate to the Realm of Zot.
 58694 | Hell     | Entered the Vestibule of Hell
 58694 | Hell     | Noticed Geryon
 58713 | Hell     | Killed Geryon
 59012 | Hell     | Reached XP level 27. HP: 244/261 MP: 40/40
 59038 | Hell     | Found a gateway to the decaying netherworld of Tartarus.
 59104 | Hell     | Found a gateway to the freezing wastes of Cocytus.
 59164 | Hell     | Found a gateway to the Iron City of Dis.
 59279 | Hell     | Found a gateway to the ashen valley of Gehenna.
 59680 | Coc:1    | Entered Level 1 of Cocytus
 60186 | Coc:2    | Received a gift from Okawaru
 61136 | Coc:5    | Received a gift from Okawaru
 62731 | Coc:7    | Entered Level 7 of Cocytus
 63517 | Coc:7    | Reached skill level 1 in Evocations
 63590 | Coc:7    | Received a gift from Okawaru
 64766 | Vaults:3 | Bought a wand of digging (15) for 608 gold pieces
 66035 | Coc:7    | Reached skill level 5 in Evocations
 67010 | Coc:7    | Received a gift from Okawaru
 67030 | Coc:7    | Got a jewelled hat {god gift}
 67037 | Coc:7    | Identified the -4 hat "Duruy" {rF+ SInv} (Okawaru gifted it to you on level 7 of Cocytus)
 67141 | Coc:7    | Noticed Antaeus
 67192 | Coc:7    | Killed Antaeus
 67252 | Coc:7    | Got an icy rune of Zot
 68320 | Tar:1    | Entered Level 1 of Tartarus
 69398 | Tar:2    | Received a gift from Okawaru
 69569 | Tar:2    | Reached skill level 10 in Evocations
 69586 | Tar:2    | Noticed Jory
 69616 | Tar:2    | Killed Jory
 70246 | Tar:6    | Received a gift from Okawaru
 70418 | Tar:7    | Entered Level 7 of Tartarus
 71042 | Tar:7    | Received a gift from Okawaru
 71235 | Tar:7    | Noticed an ancient lich
 71254 | Tar:7    | Killed an ancient lich
 71257 | Tar:7    | Noticed an ancient lich
 71276 | Tar:7    | Paralysed by an ancient lich for 6 turns
 71790 | Tar:3    | Received a gift from Okawaru
 72063 | Tar:4    | Received a gift from Okawaru
 72566 | Tar:7    | Gained mutation: Your body sometimes deteriorates upon taking damage. [mutagenic glow]
 72607 | Tar:7    | Gained mutation: Your body often deteriorates upon taking damage. [mutagenic glow]
 72651 | Tar:7    | Gained mutation: You are frail. (-10% HP) [mutagenic glow]
 72720 | Tar:7    | Reached skill level 15 in Dodging
 72728 | Tar:7    | Killed an ancient lich
 72910 | Tar:7    | Learned a level 6 spell: Statue Form
 73033 | Tar:7    | Reached skill level 1 in Stealth
 73033 | Tar:7    | Reached skill level 1 in Earth Magic
 73042 | Tar:7    | Received a gift from Okawaru
 73045 | Tar:7    | Reached skill level 1 in Transmutations
 73112 | Tar:7    | Received a gift from Okawaru
 73799 | Tar:7    | Gained mutation: You are weak. (Str -2) [a neqoxec]
 73882 | Tar:7    | Noticed Ereshkigal
 73985 | Tar:7    | Killed Ereshkigal
 74041 | Tar:7    | Got a bone rune of Zot
 74339 | Tar:7    | Identified the Papyrus of Hexes and Confrontation
 74390 | Tar:7    | Noticed an ancient lich
 74405 | Tar:7    | Killed an ancient lich
 74405 | Tar:7    | Received a gift from Okawaru
 74408 | Tar:7    | Got an encrusted hat {god gift}
 74476 | Tar:7    | Reached skill level 5 in Earth Magic
 74506 | Tar:7    | Identified the Disquisition on Creative Translocation
 74661 | Tar:7    | Reached skill level 5 in Stealth
 74879 | Hell     | Identified the +2 hat "Toprit" {rCorr Int+2 Slay+2} (Okawaru gifted it to you on level 7 of Tartarus)
 75268 | Slime:1  | Entered Level 1 of the Pits of Slime
 75585 | Slime:2  | Gained mutation: You tend to lose your temper in combat. [a shining eye]
 75608 | Slime:2  | Gained mutation: You do not regenerate when monsters are visible. [a shining eye]
 75611 | Slime:2  | Gained mutation: Your magical capacity is low. (-10% MP) [a shining eye]
 75828 | Slime:5  | Entered Level 5 of the Pits of Slime
 75842 | Slime:5  | Gained mutation: Armour fits poorly on your strangely shaped body. [a shining eye]
 75844 | Slime:5  | Gained mutation: You are very weak. (Str -4) [a shining eye]
 75847 | Slime:5  | Gained mutation: Scrolls take you a little longer to read. [a shining eye]
 76017 | Slime:5  | Reached skill level 5 in Transmutations
 76253 | Slime:5  | Gained mutation: You often lose your temper in combat. [a shining eye]
 76349 | Slime:5  | Noticed the Royal Jelly
 76365 | Slime:5  | Killed the Royal Jelly
 76470 | Slime:5  | Identified Labink's Papyrus of Proximity
 76483 | Slime:5  | Identified the cursed +3 broad axe of the End {pain, +Fly rC- Str+2} (You found it on level 5 of the Pits of Slime)
 76498 | Slime:5  | Got a slimy rune of Zot
 77124 | Crypt:1  | Entered Level 1 of the Crypt
 78202 | Crypt:2  | Noticed an ancient lich
 78221 | Crypt:2  | Killed an ancient lich
 78423 | Crypt:2  | Received a gift from Okawaru
 78451 | Crypt:2  | Lost mutation: Scrolls take you a little longer to read. [potion of mutation]
 78451 | Crypt:2  | Lost mutation: Your body often deteriorates upon taking damage. [potion of mutation]
 78451 | Crypt:2  | Lost mutation: You are very weak. (Str -4) [potion of mutation]
 78451 | Crypt:2  | Lost mutation: You expend magic power (3 MP) to strengthen your wands. [potion of mutation]
 78451 | Crypt:2  | Gained mutation: Your spells are a little harder to cast, but a little more powerful. [potion of mutation]
 78453 | Crypt:2  | Lost mutation: Your body sometimes deteriorates upon taking damage. [potion of mutation]
 78453 | Crypt:2  | Lost mutation: You are weak. (Str -2) [potion of mutation]
 78453 | Crypt:2  | Lost mutation: Armour fits poorly on your strangely shaped body. [potion of mutation]
 78453 | Crypt:2  | Lost mutation: You are frail. (-10% HP) [potion of mutation]
 78453 | Crypt:2  | Gained mutation: Armour fits poorly on your strangely shaped body. [potion of mutation]
 78453 | Crypt:2  | Gained mutation: You have sharp fingernails. [potion of mutation]
 78453 | Crypt:2  | Gained mutation: You are resistant to hostile enchantments. (MR+) [potion of mutation]
 78877 | Crypt:3  | Entered Level 3 of the Crypt
 79374 | Crypt:3  | Found a staircase to the Tomb.
 79378 | Crypt:3  | Identified Aseyqe's Handbook of Evil Rites
 79488 | Crypt:3  | Found an ancient bone altar of Kikubaaqudgha.
 79618 | Crypt:3  | Noticed an ancient lich
 79632 | Crypt:3  | Killed an ancient lich
 80688 | Geh:1    | Entered Level 1 of Gehenna
 81022 | Geh:2    | Reached skill level 10 in Earth Magic
 81267 | Hell     | Lost mutation: You have a pair of small horns on your head. [potion of mutation]
 81267 | Hell     | Lost mutation: You are dopey. (Int -2) [potion of mutation]
 81267 | Hell     | Lost mutation: Your spells are a little harder to cast, but a little more powerful. [potion of mutation]
 81267 | Hell     | Lost mutation: You have sharp fingernails. [potion of mutation]
 81267 | Hell     | Gained mutation: Your magical capacity is very low. (-20% MP) [potion of mutation]
 81267 | Hell     | Lost mutation: You do not regenerate when monsters are visible. [potion of mutation]
 81314 | Hell     | Received a gift from Okawaru
 81817 | Geh:1    | Lost mutation: You are resistant to hostile enchantments. (MR+) [potion of mutation]
 81817 | Geh:1    | Lost mutation: Armour fits poorly on your strangely shaped body. [potion of mutation]
 81817 | Geh:1    | Gained mutation: You are clumsy. (Dex -2) [potion of mutation]
 81817 | Geh:1    | Gained mutation: Your spells are a little harder to cast, but a little more powerful. [potion of mutation]
 82486 | Geh:4    | Received a gift from Okawaru
 82888 | Geh:6    | Gained mutation: Your body sometimes deteriorates upon taking damage. [mutagenic glow]
 83140 | Geh:7    | Entered Level 7 of Gehenna
 83164 | Geh:7    | Received a gift from Okawaru
 83709 | Geh:7    | Received a gift from Okawaru
 83745 | Geh:7    | Reached skill level 10 in Transmutations
 83861 | Geh:7    | Got a translucent bone ring
 83863 | Geh:7    | Identified the ring of Xom's Bemusement {MR+ Str+4 Stlth+} (You acquired it on level 7 of Gehenna)
 84121 | Geh:7    | Gained mutation: You are weak. (Str -2) [mutagenic glow]
 84221 | Geh:7    | Reached skill level 27 in Fighting
 84567 | Geh:7    | Received a gift from Okawaru
 84595 | Geh:7    | Got a smoking shield {god gift}
 84629 | Geh:7    | Identified the +3 shield of Gallantry {rN+ SInv} (Okawaru gifted it to you on level 7 of Gehenna)
 85025 | Geh:7    | Gained mutation: You are very weak. (Str -4) [mutagenic glow]
 85840 | Geh:7    | Noticed Asmodeus
 85879 | Geh:7    | Killed Asmodeus
 85966 | Geh:7    | Got an obsidian rune of Zot
 86145 | Dis:1    | Entered Level 1 of the Iron City of Dis
 86750 | Dis:2    | Received a gift from Okawaru
 87570 | Dis:7    | Entered Level 7 of the Iron City of Dis
 87971 | Dis:7    | Received a gift from Okawaru
 89592 | Dis:7    | Gained mutation: Your body often deteriorates upon taking damage. [a cacodemon]
 89671 | Dis:7    | Received a gift from Okawaru
 89711 | Dis:7    | Gained mutation: Scrolls take you a little longer to read. [a cacodemon]
 89715 | Dis:7    | Gained mutation: You are occasionally teleported next to monsters. [a cacodemon]
 90657 | Dis:7    | Identified the Reference Book on Dislocated Cold
 90824 | Dis:7    | Noticed Dispater
 90879 | Dis:7    | Killed Dispater
 90892 | Dis:7    | Received a gift from Okawaru
 91148 | Dis:7    | Got an iron rune of Zot
 91763 | Tomb:1   | Entered Level 1 of the Tomb of the Ancients
 91774 | Tomb:1   | Lost mutation: Scrolls take you a little longer to read. [potion of mutation]
 91774 | Tomb:1   | Gained mutation: You have a pair of small antennae on your head. [potion of mutation]
 91774 | Tomb:1   | Gained mutation: Your mind is acute. (Int +2) [potion of mutation]
 91904 | Tomb:1   | Paralysed by a sphinx for 5 turns
 92471 | Tomb:1   | Noticed an ancient lich
 92479 | Tomb:1   | Killed an ancient lich
 92790 | Tomb:2   | Noticed a greater mummy
 92813 | Tomb:2   | Noticed a greater mummy
 92816 | Tomb:2   | Noticed Mennas
 92831 | Tomb:2   | Killed a greater mummy
 92836 | Tomb:2   | Killed Mennas
 92836 | Tomb:2   | Received a gift from Okawaru
 92857 | Tomb:2   | Noticed a greater mummy
 92860 | Tomb:2   | Noticed an ancient lich
 93180 | Tomb:2   | Killed an ancient lich
 93180 | Tomb:2   | Reached skill level 27 in Armour
 93195 | Tomb:2   | Killed a greater mummy
 93230 | Tomb:2   | Killed a greater mummy
 94029 | Tomb:3   | Entered Level 3 of the Tomb of the Ancients
 94068 | Tomb:3   | Noticed a greater mummy
 94076 | Tomb:3   | Noticed a greater mummy
 94095 | Tomb:3   | Reached skill level 15 in Transmutations
 94096 | Tomb:3   | Killed a greater mummy
 94099 | Tomb:3   | Noticed a greater mummy
 94109 | Tomb:3   | Noticed a greater mummy
 94123 | Tomb:3   | Killed a greater mummy
 94130 | Tomb:3   | Noticed a greater mummy
 94133 | Tomb:3   | Noticed a greater mummy
 94141 | Tomb:3   | Noticed a greater mummy
 94148 | Tomb:3   | HP: 12/374 [emperor scorpion[a greater mummy] (10)]
 94148 | Tomb:3   | HP: 1/374 [spectral frost giant[a greater mummy] (11)]
 94150 | Tomb:3   | Killed from afar by a lich

Vault maps used:
D:1:      giann_horns, minmay_misc_feat_tiny
D:2:      lemuel_doored_altar, first_ration, nicolae_underground_beach,
          uniq_natasha
D:4:      okawaru_ov_weapons_minmay, kennysheep_mini
D:5:      corexii_shantytown, slow_altar_2, serial_shops,
          nicolae_shop_waterfront, nicolae_shop_trees, kennysheep_little_box
D:6:      zin_angel, minmay_temple_entry_trees, uniq_sigmund
D:7:      dancing_weapons_uskayaw, enter_ossuary_1
D:8:      overflow_temple_1_default, david_lair_generic
D:9:      lemuel_round_altar, nicolae_overflow_crystal_walls,
          overflow_temple_1_default, hiddenorc1_lemuel
D:10:     serial_shops, shop, gammafunk_ghost_cemetery, blue_anna_alchemist
D:12:     uniq_psyche
D:14:     grunt_vaults_entry_fortified, lemuel_angel_altar
D:15:     hangedman_depths_entry_try_elsewhere_first
Lair:1:   uniq_nergalle
Lair:2:   shoals_dummy_entry, lemuel_fruit_fields
Lair:3:   minmay_snake_entry_spellcaster, lemuel_fruit_tree, grunt_megastairs_3,
          uniq_gastronok
Lair:4:   lab_entry_generic, lemuel_fruit_fields, serial_bayou_shore_b,
          uniq_sonja
Lair:5:   minmay_slime_entry_oklob_enclosed, portal_ice_cave_demonic_guard
Lair:6:   minmay_lair_end_enchanted_forest, basic_altar,
          hangedman_lair_unloving_vines
Shoals:1: overgrown_hall, uniq_roxanne
Shoals:2: nicolae_shoals_loop_pool, uniq_polyphemus
Shoals:3: serial_shops, nicolae_shop_behind_doors, st_sunken_temple
Shoals:4: shoals_end_grunt_garden, shoal_ilsuiw, serial_shops,
          nicolae_shop_stone, shop, shop, nicolae_shoals_kraken_intersection
Snake:1:  serial_shops, shop, serial_bayou_pond_d, minmay_shoptagon
Snake:2:  serial_shops, shop, uniq_aizul, uniq_jorgrun
Snake:3:  uniq_bai_suzhen, uniq_vashnia
Snake:4:  grunt_snake_rune_spirals, nicolae_snake_double_loop, st_stairs_9,
          uniq_kirke
Slime:1:  nicolae_slime_phagocytosis
Slime:4:  cheibrodos_slime_lost_civilization_8, basic_altar
Orc:1:    serial_shops, shop, lemuel_statue_altar
Orc:2:    grunt_orc_tribal_feast, basic_altar, special_room,
          nicolae_alphabet_shops
Elf:1:    minmay_elf_arrival_circle, gammafunk_ghost_cemetery,
          hangedman_elf_disciples
Elf:2:    spider_trap, nicolae_elf_big_sculpture_1, basic_stair_grate_trap,
          uniq_donald
Elf:3:    elf_hall_gauntlet_wide, serial_shops, nicolae_shop_trees, shop, shop,
          spider_trap
Vaults:1: vaults_standard_mumra_x, v_misc_14, v_misc_9,
          nicolae_vaults_what_the_h, nicolae_vaults_big_ls,
          ontoclasm_vaults_ring_large, ontoclasm_vaults_eye,
          ontoclasm_vaults_ring_square
Vaults:2: nicolae_vaults_big_angled_halls, st_spiral_rooms,
          grunt_vaults_bifocal, hangedman_vaults_slice, ontoclasm_vaults_twist,
          ontoclasm_vaults_loading_screen, v_misc_30, vaults_room_corners,
          hangedman_vaults_corner_blocks, nicolae_vaults_shelves_hall,
          uniq_asterion, uniq_margery
Vaults:3: nicolae_vaults_triangles, minmay_crypt_entry_nasty_monster,
          nicolae_vaults_murderbox, hangedman_vaults_nails,
          hangedman_vaults_hat, nicolae_vaults_alarming, vaults_mumra_hex,
          hangedman_vaults_river_flow, vaults_room_stairs_pillars,
          ontoclasm_vaults_gateway, grunt_vaults_diagonal,
          vaults_room_ringed_pool, portal_desolation_entry_ruin, serial_shops,
          shop, nicolae_shop_temple_entry_statues_fountains, shop,
          nicolae_shop_stone
Vaults:4: v_misc_2, vaults_room_pool, st_cells, nicolae_vaults_angled_halls,
          grunt_vaults_trifunnel, v_misc_30, ontoclasm_vaults_misaligned,
          nicolae_vaults_three_branches, hangedman_vaults_variations,
          grunt_vaults_hallway_short, nicolae_vaults_diagonal_hallway_8,
          ontoclasm_vaults_fault, ontoclasm_vaults_ligature,
          ontoclasm_vaults_loading_screen, nicolae_vaults_asterisk,
          hangedman_vaults_stretched_pinwheel
Vaults:5: serial_shops
Crypt:1:  minmay_misc_feat_five, nicolae_crypt_little_mausoleum
Crypt:2:  minivault_24
Crypt:3:  evilmike_haunted_forest
Tomb:2:   uniq_mennas
Depths:1: enter_ziggurat_f, abyss_entry, pf_hell_entry_great_geh,
          hangedman_decor_push, pan_entry, kennysheep_small_square
Depths:2: minmay_stepped, rand_demon_pan_entry_4, hell_entry,
          gammafunk_ghost_split, minmay_parallelograms
Depths:3: minmay_swirls_squares, pan_entry, serial_bayou_pond_b, hell_entry
Depths:4: minmay_nested_s, hell_entry, minmay_room_of_horrors,
          hangedman_stitches_earthworm, serial_bayou_shore_a,
          infiniplex_staircase_pool_2
Depths:5: grunt_zot_entry_alcove, serial_shops, shop,
          grunt_pan_entry_in_and_out, hell_entry
Dis:4:    hangedman_dis_decor_tower
Dis:7:    iron_city_of_dis
Geh:2:    hangedman_generic_boss_arena
Geh:5:    grunt_megastairs_5
Geh:7:    geh_hangedman
Coc:7:    coc_mu
Tar:2:    hangedman_tartarus_silent_blood_keep
Tar:5:    nicolae_tar_cuneiform_not, grunt_megastairs_1
Tar:7:    tar_grunt_cathedral
Lab:      nicolae_lab_dead_adventurers, nicolae_lab_diamond, labyrinth_glass_2,
          nicolae_lab_grate_2
Ossuary:  ossuary_tomb_3

Skill      XL: |  1  2  3  4  5  6  7  8  9 10 11 12 13 14 15 16 17 18 19 20 21 22 23 24 25 26 27 |
---------------+----------------------------------------------------------------------------------+-----
Axes           | 3 4 5 7 8 9 11 13 15 16 17 18 20 21 23 | 23.0
Shields        | 4 5 6 7 9 10 11 12 13 14 15 16 25 | 25.0
Armour         | 4 6 7 9 10 11 13 14 15 16 17 18 19 20 21 22 23 27 | 27.0
Fighting       | 7 10 13 15 17 19 20 21 22 23 24 27 | 27.0
Invocations    | 5 6 8 9 |  9.4
Dodging        | 2 3 5 7 9 10 21 | 21.1
Hexes          | 4 7 9 11 12 13 14 | 14.3
Spellcasting   | 3 5 7 8 9 10 11 12 13 | 13.5
Air Magic      | 3 5 8 9 |  9.3
Evocations     | 13 | 13.9
Stealth        | 7 |  7.3
Earth Magic    | 12 | 12.2
Transmutations | 15 | 15.1

Action                   |  1- 3 |  4- 6 |  7- 9 | 10-12 | 13-15 | 16-18 | 19-21 | 22-24 | 25-27 || total
-------------------------+-------+-------+-------+-------+-------+-------+-------+-------+-------++-------
Melee: War axe           |    84 |   194 |   492 |   151 |       |       |       |       |       ||   921
       Broad axe         |       |       |       |   236 |   847 |  1167 |  1451 |  1591 |  8216 || 13508
       Headbutt          |       |       |       |       |    55 |   306 |   457 |   504 |  1763 ||  3085
       Unarmed           |       |       |       |       |       |     2 |       |       |       ||     2
Throw: Throwing net      |       |       |       |       |     1 |       |     7 |       |     2 ||    10
 Cast: Invisibility      |       |       |       |       |       |       |       |     7 |    10 ||    17
       Cause Fear        |       |       |       |       |       |       |       |     1 |     1 ||     2
       Statue Form       |       |       |       |       |       |       |       |       |    11 ||    11
       Silence           |       |       |       |       |       |       |       |       |     1 ||     1
Invok: Heroism           |       |       |       |    11 |    26 |    32 |    28 |    36 |   156 ||   289
       Finesse           |       |       |       |     1 |    13 |    14 |     8 |    18 |    52 ||   106
 Abil: Evoke Flight      |       |       |       |       |       |     5 |       |       |    23 ||    28
Evoke: Wand              |       |       |       |     2 |     9 |     7 |     2 |    13 |     7 ||    40
       Horn of Geryon    |       |       |       |       |       |       |       |       |     7 ||     7
       Phantom mirror    |       |       |       |       |       |       |       |       |     7 ||     7
       Lamp of fire      |       |       |       |       |       |       |       |       |     2 ||     2
  Use: Potion            |       |     1 |     8 |     5 |     1 |    12 |     3 |     3 |    39 ||    72
       Scroll            |       |       |     7 |     7 |     5 |    16 |     8 |    18 |    53 ||   114
 Stab: Invisible         |       |       |       |     2 |       |     5 |       |    85 |    91 ||   183
       Petrified         |       |       |       |       |     8 |       |       |       |       ||     8
       Distracted        |       |       |       |       |     1 |       |       |       |     4 ||     5
       Sleeping          |       |       |       |       |     1 |       |       |     1 |     5 ||     7
       Fleeing           |       |       |       |       |       |     1 |       |       |       ||     1
       Held in net/web   |       |       |       |       |       |       |       |       |     1 ||     1
  Eat: Chunk             |     1 |     6 |    17 |    13 |    24 |    22 |    45 |    36 |    46 ||   210
       Ration            |       |     1 |     1 |     2 |       |     3 |     1 |       |    30 ||    38
Armor: Scale mail        |    30 |    23 |       |       |       |       |    20 |   147 |   270 ||   490
       Chain mail        |       |    67 |   168 |    76 |       |       |       |       |       ||   311
       Ring mail         |       |       |       |    26 |   168 |   163 |   225 |       |       ||   582
       Pearl dragon scal |       |       |       |       |       |       |       |       |  1114 ||  1114
       Skin              |       |       |       |       |       |       |       |       |    97 ||    97
Dodge: Dodged            |    18 |    40 |    70 |    85 |   155 |   170 |   233 |   237 |  1753 ||  2761
Block: Shield            |    39 |   102 |   208 |   180 |   359 |       |       |       |       ||   888
       Reflection        |       |       |       |       |    63 |   227 |    32 |       |       ||   322
       Large shield      |       |       |       |       |   272 |  1364 |  1521 |  1377 |  8852 || 13386
       Other             |       |       |       |       |       |     1 |       |       |       ||     1

Table legend:
 A = Spawn XP
 B = Non-spawn XP
 C = Spawn XP percentage of total XP
 D = Spawn monster count
 E = Non-spawn monster count
 F = Spawn count percentage of total count
 G = Total turns spent on level
                    A         B        C        D         E        F      G
               +---------+---------+-------+---------+---------+-------+---------
         Total |   14587 | 3144684 |   0.5 |      15 |    4435 |   0.3 | 94150
               +---------+---------+-------+---------+---------+-------+---------
           D:1 |       0 |      16 |   0.0 |       0 |      11 |   0.0 |   780
           D:2 |       0 |      72 |   0.0 |       0 |      15 |   0.0 |  1120
           D:3 |       0 |     102 |   0.0 |       0 |      21 |   0.0 |   983
           D:4 |       0 |     515 |   0.0 |       0 |      19 |   0.0 |  1840
           D:5 |       0 |     532 |   0.0 |       0 |      44 |   0.0 |  1783
           D:6 |       0 |     507 |   0.0 |       0 |       7 |   0.0 |  1166
           D:7 |       0 |    1085 |   0.0 |       0 |      18 |   0.0 |  1192
           D:8 |       0 |    2209 |   0.0 |       0 |      23 |   0.0 |  1606
           D:9 |       0 |    2137 |   0.0 |       0 |      34 |   0.0 |  1209
          D:10 |       0 |    7023 |   0.0 |       0 |      30 |   0.0 |  1801
          D:11 |       0 |    3821 |   0.0 |       0 |      23 |   0.0 |   408
          D:12 |       0 |    6429 |   0.0 |       0 |      34 |   0.0 |   752
          D:13 |       0 |    6225 |   0.0 |       0 |      29 |   0.0 |   999
          D:14 |       0 |   12463 |   0.0 |       0 |      30 |   0.0 |  1880
          D:15 |       0 |   19290 |   0.0 |       0 |      50 |   0.0 |  1069
        Lair:1 |       0 |    4493 |   0.0 |       0 |      14 |   0.0 |  1755
        Lair:2 |       0 |    4109 |   0.0 |       0 |      19 |   0.0 |   842
        Lair:3 |       0 |   11612 |   0.0 |       0 |      29 |   0.0 |  1194
        Lair:4 |       0 |    3231 |   0.0 |       0 |      12 |   0.0 |  1032
        Lair:5 |       0 |    9488 |   0.0 |       0 |      42 |   0.0 |  1116
        Lair:6 |       0 |   21187 |   0.0 |       0 |      89 |   0.0 |  1395
      Shoals:1 |       0 |    7451 |   0.0 |       0 |      18 |   0.0 |   693
      Shoals:2 |       0 |   27078 |   0.0 |       0 |      46 |   0.0 |  1354
      Shoals:3 |       0 |   19068 |   0.0 |       0 |      27 |   0.0 |  1243
      Shoals:4 |       0 |   40226 |   0.0 |       0 |      70 |   0.0 |  1481
       Snake:1 |       0 |    9526 |   0.0 |       0 |      18 |   0.0 |   669
       Snake:2 |       0 |   22569 |   0.0 |       0 |      34 |   0.0 |  1125
       Snake:3 |       0 |   33931 |   0.0 |       0 |      41 |   0.0 |  2270
       Snake:4 |       0 |   81528 |   0.0 |       0 |     133 |   0.0 |  2660
       Slime:1 |       0 |    5421 |   0.0 |       0 |      11 |   0.0 |   361
       Slime:2 |       0 |   14072 |   0.0 |       0 |      17 |   0.0 |    74
       Slime:3 |       0 |    1072 |   0.0 |       0 |       4 |   0.0 |    28
       Slime:4 |       0 |    8239 |   0.0 |       0 |      14 |   0.0 |   205
       Slime:5 |       0 |   52207 |   0.0 |       0 |      51 |   0.0 |   826
         Orc:1 |       0 |    1496 |   0.0 |       0 |      39 |   0.0 |   531
         Orc:2 |       0 |   19278 |   0.0 |       0 |      67 |   0.0 |  1109
         Elf:1 |       0 |   20014 |   0.0 |       0 |      32 |   0.0 |  1044
         Elf:2 |       0 |   40827 |   0.0 |       0 |      54 |   0.0 |   874
         Elf:3 |       0 |   48038 |   0.0 |       0 |      49 |   0.0 |  1659
      Vaults:1 |       0 |   59824 |   0.0 |       0 |     111 |   0.0 |  1539
      Vaults:2 |       0 |   61704 |   0.0 |       0 |     113 |   0.0 |  1736
      Vaults:3 |       0 |   71814 |   0.0 |       0 |     102 |   0.0 |  1596
      Vaults:4 |       0 |   55265 |   0.0 |       0 |      72 |   0.0 |  2021
      Vaults:5 |       0 |  138528 |   0.0 |       0 |     132 |   0.0 |  1290
       Crypt:1 |       0 |   12834 |   0.0 |       0 |      25 |   0.0 |  1032
       Crypt:2 |       0 |   26728 |   0.0 |       0 |      26 |   0.0 |   791
       Crypt:3 |       0 |   58877 |   0.0 |       0 |      95 |   0.0 |  1522
        Tomb:1 |       0 |   42049 |   0.0 |       0 |      52 |   0.0 |  1025
        Tomb:2 |       0 |   62471 |   0.0 |       0 |      74 |   0.0 |  1241
        Tomb:3 |       0 |   25071 |   0.0 |       0 |      28 |   0.0 |   121
      Depths:1 |       0 |   19239 |   0.0 |       0 |      31 |   0.0 |  1398
      Depths:2 |       0 |   54514 |   0.0 |       0 |      59 |   0.0 |  1313
      Depths:3 |       0 |   67612 |   0.0 |       0 |      48 |   0.0 |  2117
      Depths:4 |       0 |   94016 |   0.0 |       0 |      81 |   0.0 |  2242
      Depths:5 |       0 |   61092 |   0.0 |       0 |      72 |   0.0 |  1221
          Hell |       0 |   60658 |   0.0 |       0 |      94 |   0.0 |  2468
         Dis:1 |       0 |   26659 |   0.0 |       0 |      67 |   0.0 |   514
         Dis:2 |       0 |    2125 |   0.0 |       0 |       7 |   0.0 |   104
         Dis:3 |       0 |    8363 |   0.0 |       0 |      19 |   0.0 |   108
         Dis:4 |       0 |    1464 |   0.0 |       0 |       7 |   0.0 |    48
         Dis:5 |       0 |    1728 |   0.0 |       0 |       5 |   0.0 |    64
         Dis:6 |       0 |   16432 |   0.0 |       0 |      33 |   0.0 |   587
         Dis:7 |       0 |  266467 |   0.0 |       0 |     265 |   0.0 |  3791
         Geh:1 |       0 |   42974 |   0.0 |       0 |      69 |   0.0 |   834
         Geh:2 |       0 |   31564 |   0.0 |       0 |      51 |   0.0 |   304
         Geh:3 |       0 |   56782 |   0.0 |       0 |      82 |   0.0 |   347
         Geh:4 |       0 |    9333 |   0.0 |       0 |      20 |   0.0 |   195
         Geh:5 |       0 |   16924 |   0.0 |       0 |      22 |   0.0 |   372
         Geh:6 |       0 |   16013 |   0.0 |       0 |      29 |   0.0 |   259
         Geh:7 |       0 |  173218 |   0.0 |       0 |     205 |   0.0 |  2972
         Coc:1 |       0 |    2912 |   0.0 |       0 |       8 |   0.0 |   116
         Coc:2 |       0 |   52425 |   0.0 |       0 |      74 |   0.0 |   697
         Coc:3 |       0 |   13282 |   0.0 |       0 |      35 |   0.0 |   542
         Coc:4 |       0 |     124 |   0.0 |       0 |       1 |   0.0 |    60
         Coc:5 |       0 |   62031 |   0.0 |       0 |      78 |   0.0 |  1133
         Coc:6 |       0 |   26974 |   0.0 |       0 |      65 |   0.0 |   682
         Coc:7 |       0 |  247688 |   0.0 |       0 |     227 |   0.0 |  3239
         Tar:1 |       0 |    3479 |   0.0 |       0 |       8 |   0.0 |    66
         Tar:2 |       0 |   83140 |   0.0 |       0 |      86 |   0.0 |  1423
         Tar:3 |       0 |   38262 |   0.0 |       0 |      57 |   0.0 |   435
         Tar:4 |       0 |   17807 |   0.0 |       0 |      20 |   0.0 |   247
         Tar:5 |       0 |    5423 |   0.0 |       0 |      11 |   0.0 |   185
         Tar:6 |       0 |   29247 |   0.0 |       0 |      20 |   0.0 |   311
         Tar:7 |       0 |  318621 |   0.0 |       0 |     249 |   0.0 |  3542
       Abyss:2 |   14587 |    6972 |  67.7 |      15 |      22 |  40.5 |   744
           Lab |       0 |    1724 |   0.0 |       0 |       3 |   0.0 |   311
       Ossuary |       0 |     173 |   0.0 |       0 |      16 |   0.0 |   444
    Desolation |       0 |   23471 |   0.0 |       0 |      41 |   0.0 |   673
               +---------+---------+-------+---------+---------+-------+---------
